 Dungeon Crawl Stone Soup version 0.30-a0-862-g1aabd4f9c5 (webtiles) character file.

Game seed: 5899372609587680416

6325 Dittersdorf the Blocker (level 10, -1/66 HPs)
             Began as a Gargoyle Fighter on Mar 9, 2023.
             Was an Elder of Okawaru.
             Slain by Fannar
             ... wielding a +0 quarterstaff of freezing
              (2 damage)
             ... on level 10 of the Dungeon.
             The game lasted 00:15:21 (9713 turns).

Dittersdorf the Blocker (Gargoyle Fighter)          Turns: 9713, Time: 00:15:21

Health: -1/66      AC: 29    Str: 27    XL:     10   Next: 95%
Magic:  0/10       EV: 11    Int: 12    God:    Okawaru [****..]
Gold:   619        SH:  8    Dex: 20    Spells: 9/9 levels left

rFire   . . .      SeeInvis .    F - +11 long sword "Vaifen" {freeze, rElec Str+3 Int+3 Dex+5}
rCold   . . .      Faith    .    c - +0 buckler
rNeg    + . .      Spirit   +    y - +0 plate armour
rPois   ∞          Reflect  .    A - +0 helmet
rElec   +          Rampage  .    w - +1 cloak
rCorr   .                        e - +0 pair of gloves
Will    +....                    (no boots) Stlth
                                 q - amulet of guardian spirit
HPRegen 0.31/turn                n - +6 ring of dexterity
MPRegen 0.12/turn                C - ring of willpower

@: heroic, studying Dodging
A: sickness immunity, AC +7, negative energy resistance 1, electricity
resistance, torment resistance 1, petrification resistance
a: Renounce Religion, Heroism, Finesse


You were on level 10 of the Dungeon.
You worshipped Okawaru.
Okawaru was greatly pleased with you.
You visited 1 branch of the dungeon, and saw 10 of its levels.
You also visited: Ossuary.

You collected 619 gold pieces.

Inventory:

Hand Weapons
 a - a +1 flail
 F - the +11 long sword "Vaifen" (weapon) {freeze, rElec Str+3 Int+3 Dex+5}
   (You found it on level 9 of the Dungeon)

   Str:       It affects your strength (+3).
   Int:       It affects your intelligence (+3).
   Dex:       It affects your dexterity (+5).
   rElec:     It insulates you from electricity.
Missiles
 B - 2 curare-tipped darts (quivered)
Armour
 c - a +0 buckler (worn)
 e - a +0 pair of gloves (worn)
 w - a +1 cloak (worn)
 y - a +0 plate armour (worn)
 A - a +0 helmet (worn)
Jewellery
 i - a ring of protection from fire
 n - a +6 ring of dexterity (left hand)
 q - an amulet of guardian spirit (around neck)
 C - a ring of willpower (right hand)
Wands
 v - a wand of paralysis (8)
 G - a wand of polymorph (2)
Scrolls
 g - 3 scrolls of blinking
 j - 2 scrolls of enchant armour
 l - 3 scrolls of teleportation
 m - 2 scrolls of silence
 r - a scroll of fog
 z - a scroll of enchant weapon
 D - 2 scrolls of identify
Potions
 b - a potion of resistance
 d - 5 potions of might
 f - 8 potions of heal wounds
 k - a potion of berserk rage
 o - 3 potions of cancellation
 p - 2 potions of ambrosia
 s - 4 potions of curing
 t - 2 potions of brilliance
 u - 4 potions of invisibility
 x - 4 potions of haste
 E - a potion of flight


   Skills:
 + Level 9.5(14.5) Fighting
 + Level 2.8(7.8) Long Blades
 - Level 7.6(12.6) Maces & Flails
 + Level 9.5(14.5) Armour
 + Level 9.6(14.6) Shields


You had 9 spell levels left.
You didn't know any spells.
Your spell library contained the following spells:

 Spells                   Type           Power      Damage    Failure   Level
 Magic Dart               Conj           0%         1d3       94%         1
 Slow                     Hex            0%         N/A       94%         1
 Blink                    Tloc           0%         N/A       98%         2
 Lesser Beckoning         Tloc           0%         N/A       98%         2
 Momentum Strike          Conj/Tloc      0%         3d8       98%         2
 Confusing Touch          Hex            0%         N/A       100%        3
 Gell's Gravitas          Tloc           0%         N/A       100%        3
 Mephitic Cloud           Conj/Pois/Air  0%         N/A       100%        3
 Teleport Other           Tloc           0%         N/A       100%        3
 Vampiric Draining        Necr           0%         2d6       100%        3
 Airstrike                Air            0%         2d(0-16)  100%        4
 Petrify                  Tmut/Erth      0%         N/A       100%        4
 Irradiate                Conj/Tmut      0%         3d11      100%        5
 Lightning Bolt           Conj/Air       0%         1d11      100%        5
 Call Imp                 Summ           Unusable   N/A       N/A         2
 Sublimation of Blood     Necr           Unusable   N/A       N/A         2
 Summon Lightning Spire   Summ/Air       Unusable   N/A       N/A         4

Dungeon Overview and Level Annotations

Branches:
Dungeon (10/15)            Temple (0/1) D:4            Lair (0/5) D:9
Ossuary (visited)
    Orc: D:9-12

Altars:
Cheibriados
Dithmenos
Elyvilon
Fedhas
Gozag
Nemelex Xobeh
Okawaru
Ru
Sif Muna
Wu Jian
Xom
Zin
The Shining One

Shops:
D:6 *

Annotations:
D:4 1 runed translucent door, luigi's ghost, novice DsEE
D:10 Fannar


Innate Abilities, Weirdness & Mutations

You are immune to sickness and miasma.
Your stone body is resilient. (AC +7)
You are immune to poison.
You resist negative energy. (rN+)
You are resistant to electric shocks. (rElec)
You are resistant to unholy torment.
You are immune to petrification.


Message History

You hit Fannar.
Fannar is lightly wounded.
Fannar barely misses you.
The ice beast hits you but does no damage.
You slice Fannar!!
Fannar is moderately wounded.
You block Fannar's attack.
The ice beast hits you but does no damage.
You hit Fannar but do no damage.
Fannar is moderately wounded.
Fannar hits you but does no damage.
The ice beast hits you but does no damage.
You hit Fannar but do no damage.
Fannar is moderately wounded.
Fannar says, "An icy embrace awaits you..."
Fannar casts a spell.
The ice beast closely misses you.
You hit Fannar.
Fannar is moderately wounded.
You block Fannar's attack.
The ice beast hits you but does no damage. x2
You closely miss Fannar.
Fannar is moderately wounded.
Fannar barely misses you. The ice beast barely misses you.
The ice beast hits you but does no damage.
You block Fannar's attack.
You closely miss Fannar.
Fannar is moderately wounded.
The ice beast closely misses you. x2
Fannar casts a spell at you. The bolt of cold hits you!!
* * * LOW HITPOINT WARNING * * *
You slash Fannar!
Fannar is heavily wounded.
The ice beast hits you but does no damage.
The ice beast closely misses you.
Fannar hits you with a +0 quarterstaff of freezing.
* * * LOW HITPOINT WARNING * * *
Fannar freezes you.
You die...

... ....... ... .......
[..... ...## ...<..#
...... ....## .......
#....##
.....####.......#......#
.....##...............#
......#.....# #....#
....#.....### ##.Y..###
###.####...####.@e....#
.#.## #...##.....Y....#
...# ##.###............
...# #.................
..## #....###.###>......
.## #....# ### #......
## #..#..# ...... #
##.##..####.# .........
## ##
#.......##.........##
#..


You could see Fannar and 2 ice beasts.

Vanquished Creatures
  Erolcha (D:10)
  2 two-headed ogres
  Grinder (D:5)
  A wyvern (D:7)
  4 yaks (D:10)
  A wraith (D:9)
  A steam dragon (D:6)
  An ice beast (D:6)
  2 sky beasts
  2 black bears
  An orc warrior (D:6)
  An ogre (D:5)
  3 centaurs
  A phantom (D:7)
  2 kobold brigands
  A bullfrog (D:8)
  5 scorpions
  2 gnoll sergeants (D:8)
  3 killer bees (D:9)
  3 howler monkeys (D:9)
  2 centaur zombies (Ossuary)
  3 hounds
  3 human zombies (Ossuary)
  11 orc priests
  3 jellies
  2 iguanas
  18 orc wizards
  5 mummies (Ossuary)
  8 gnolls (D:8)
  8 adders
  A shadow imp (D:8)
  2 white imps (D:5)
  2 worms
  4 dart slugs
  45 orcs
  8 ball pythons
  8 endoplasms
  5 giant cockroaches
  8 goblins
  8 hobgoblins
  4 jackals (D:3)
  6 quokkas
  3 bats
  3 frilled lizards
  11 kobolds
  3 kobold zombies (Ossuary)
  6 rats
228 creatures vanquished.

Vanquished Creatures (others)
  An angel (D:9)
  A kobold brigand (D:9)
  2 kobolds (D:9)
4 creatures vanquished.

Grand Total: 232 creatures vanquished

Notes
Turn   | Place    | Note
-------+----------+-------------------------------------------
     0 | D:1      | Dittersdorf the Gargoyle Fighter began the quest for the
                  | Orb.
     0 | D:1      | Reached XP level 1. HP: 14/14 MP: 1/1
   129 | D:1      | Reached XP level 2. HP: 8/19 MP: 2/2
   760 | D:2      | Reached XP level 3. HP: 21/23 MP: 3/3
  1011 | D:2      | Found a shadowy altar of Dithmenos.
  1113 | D:2      | Reached XP level 4. HP: 26/29 MP: 4/4
  1523 | D:3      | Identified the +1 scale mail of the Butterfly {Slay+2}
  1630 | D:3      | Found a shimmering blue altar of Sif Muna.
  1914 | D:3      | Reached XP level 5. HP: 7/33 MP: 1/5
  2374 | D:4      | Found a runed translucent door.
  2694 | D:4      | Found an opulent altar of Gozag.
  2699 | D:4      | Reached XP level 6. HP: 39/39 MP: 6/6
  2717 | D:4      | Found an ornate altar of the Wu Jian Council.
  2725 | D:4      | Found an iron altar of Okawaru.
  2730 | D:4      | Became a worshipper of Warmaster Okawaru
  3018 | D:4      | Found a white marble altar of Elyvilon.
  3052 | D:4      | Found a staircase to the Ecumenical Temple.
  3089 | D:4      | Noticed luigi's ghost (novice DsEE)
  3425 | D:5      | Entered Level 5 of the Dungeon
  3434 | D:5      | Noticed a black bear
  3445 | D:5      | Killed a black bear
  3446 | D:5      | Reached skill level 5 in Fighting
  3446 | D:5      | Reached skill level 5 in Armour
  3446 | D:5      | Reached skill level 5 in Shields
  3593 | D:5      | Reached XP level 7. HP: 42/44 MP: 7/7
  3671 | D:5      | Noticed Grinder
  3677 | D:5      | Paralysed by Grinder for 5 turns
  3699 | D:5      | Killed Grinder
  3739 | D:5      | Reached * piety under Okawaru
  3839 | D:5      | Found a sacrificial altar of Ru.
  3847 | D:5      | Reached XP level 8. HP: 50/51 MP: 8/8
  4079 | D:5      | Identified the +8 spear "Ukoreg Dutwa" {protect, *Rage Fly
                  | Dex+3}
  4645 | D:6      | Reached skill level 5 in Maces & Flails
  4669 | D:6      | Found a sand-covered staircase.
  4729 | Ossuary  | Entered an ossuary
  5100 | D:6      | Reached ** piety under Okawaru
  5128 | D:6      | Reached XP level 9. HP: 29/56 MP: 5/9
  5540 | D:6      | Found Gedod's Overcharged Wands.
  5841 | D:6      | Found a sparkling altar of Nemelex Xobeh.
  6137 | D:7      | Found a snail-covered altar of Cheibriados.
  7109 | D:8      | Found a shadowy altar of Dithmenos.
  7228 | D:8      | Noticed a two-headed ogre
  7467 | D:8      | Found a blossoming altar of Fedhas.
  7742 | D:8      | Killed a two-headed ogre
  7742 | D:8      | Reached *** piety under Okawaru
  7743 | D:8      | Reached XP level 10. HP: 58/65 MP: 6/10
  8066 | D:9      | Found a glowing golden altar of the Shining One.
  8271 | D:9      | Found a shimmering altar of Xom.
  8271 | D:9      | Found a glowing silver altar of Zin.
  8272 | D:9      | Noticed an angel
  8422 | D:9      | Killed an angel
  8763 | D:9      | Found a staircase to the Lair.
  8862 | D:9      | Identified the +11 long sword "Vaifen" {freeze, rElec Str+3
                  | Int+3 Dex+5}
  9010 | D:10     | Entered Level 10 of the Dungeon
  9076 | D:10     | Noticed a two-headed ogre
  9092 | D:10     | Killed a two-headed ogre
  9092 | D:10     | Reached **** piety under Okawaru
  9093 | D:10     | Reached skill level 1 in Long Blades
  9395 | D:10     | Noticed Erolcha
  9431 | D:10     | Killed Erolcha
  9431 | D:10     | Received a gift from Okawaru
  9694 | D:10     | Noticed Fannar
  9712 | D:10     | HP: 2/66 [Fannar/bolt of cold (29)]
  9713 | D:10     | Slain by Fannar

Illustrated notes

Levels and vault maps discovered:
D:1:      lemuel_arrival_lava_pool, layout_basic,
          hangedman_abyss_or_decor_lesser_grid
D:2:      layout_loops_cross, basic_altar, minmay_heptomino_d4
D:3:      layout_rooms, led_sif_book
D:4:      layout_loops_ring, lemuel_coloured_pillars_altar,
          okawaru_altar_gauntlet_db, grunt_temple_overflow_open, temple_statues,
          ebering_ghost_reflecting_pool
D:5:      layout_basic, nicolae_ru_awakened_eye, mrwooster_statue_mirror,
          uniq_grinder
D:6:      layout_loops_cross, nemelex_xobeh_ov_fountains_minmay,
          nicolae_ossuary_entry_false_entrances, nicolae_shop_overcharged_wands
D:7:      layout_loops_corners, cheibriados_altar_1
D:8:      layout_cave_pools, nicolae_dithmenos_shadow_blocks,
          mainiacjoe_overflow_brackets, nicolae_concentric_dashed_squares_wild,
          minivault_24, minmay_misc_feat_columns, minmay_door_square
D:9:      layout_basic, grunt_temple_overflow_order_and_chaos_1,
          mainiacjoe_overflow_concentric_impassable, dpeg_oklobed_lair
D:10:     layout_cave_pools, grunt_temple_overflow_diamond, uniq_erolcha,
          uniq_fannar

Skill      XL: |  1  2  3  4  5  6  7  8  9 10 |
---------------+-------------------------------+-----
Shields        | 4 5 6 8 9 |  9.6
Armour         | 4 5 6 8 9 |  9.5
Fighting       | 4 5 6 8 9 |  9.5
Maces & Flails | 3 4 5 7 |  7.6
Long Blades    | 2 |  2.8

Action                     |  1- 3 |  4- 6 |  7- 9 | 10-12 || total
---------------------------+-------+-------+-------+-------++-------
  Melee: Flail             |    97 |   174 |   435 |   110 ||   816
         Long sword        |       |       |       |    57 ||    57
  Throw: Dart              |       |     3 |    11 |    11 ||    25
 Invoke: Heroism           |       |       |     1 |     3 ||     4
    Use: Scroll            |       |    15 |     7 |     1 ||    23
 Armour: Scale mail        |    19 |   123 |   167 |       ||   309
         Chain mail        |    24 |       |       |       ||    24
         Ring mail         |    12 |    14 |       |       ||    26
         Plate armour      |       |       |   133 |   153 ||   286
  Dodge: Dodged            |    64 |   106 |   146 |    67 ||   383
  Block: Buckler           |    23 |    50 |   123 |    73 ||   269

Table legend: (Time is in decaauts)
 A = Elapsed time spent in this place.
 B = Non-inter-level travel time spent in this place.
 C = Inter-level travel time spent in this place.
 D = Time resting spent in this place.
 E = Time spent auto-exploring this place.
 F = Levels seen in this place.
 G = Mean time per level.
                   A        B        C        D        E       F      G
               +--------+--------+--------+--------+--------+-----+--------+
         Total |   9884 |   9488 |    396 |   1215 |   6137 |  11 |  898.5 |
       Dungeon |   9520 |   9124 |    396 |   1090 |   6043 |  10 |  952.0 |
       Ossuary |    364 |    364 |      0 |    125 |     94 |   1 |  364.0 |
               +--------+--------+--------+--------+--------+-----+--------+

Top non-repeatable levels by time:
     D:4: 1191 daAuts
     D:2: 1141 daAuts
     D:5: 1110 daAuts
     D:6: 1078 daAuts
     D:8: 1008 daAuts
     D:7: 996 daAuts
     D:9: 971 daAuts
     D:1: 724 daAuts
    D:10: 713 daAuts
     D:3: 585 daAuts
 Ossuary: 364 daAuts
